 Dungeon Crawl Stone Soup version 0.24.1-14-gf8d2b509d9 (webtiles) character file.

Game seed: 18015126911908061600, levelgen mode: deterministic

16 Hugehornet the Magician (level 2, 17/17 HPs)
             Began as an Octopode Wizard on May 21, 2020.
             Quit the game on level 1 of the Dungeon.
             The game lasted 00:01:27 (522 turns).

Hugehornet the Magician (Octopode Wizard)            Turns: 522, Time: 00:01:28

Health: 17/17      AC:  1    Str:  6    XL:     2   Next: 54%
Magic:  2/6        EV: 13    Int: 20    God:
Gold:   55         SH:  0    Dex: 10    Spells: 0/7 levels left

rFire    . . .     SeeInvis .   (no weapon)
rCold    . . .     Gourm    .   (no shield)
rNeg     . . .     Faith    .   a - +0 hat
rPois    .         Spirit   .   (no amulet)
rElec    .         Reflect  .   (no ring)
rCorr    .         Harm     .   (no ring)
MR       .....                  (no ring)
Stlth    +++.......             (no ring)
HPRegen  0.05/turn              (no ring)
MPRegen  0.10/turn              (no ring)
                                (no ring)
                                (no ring)

@: no status effects
A: almost no armour, stealthy swim, amphibious, 8 rings, constrict 8, camouflage
1, gelatinous body 1
a: no special abilities


You were on level 1 of the Dungeon.
You were not hungry.

You visited 1 branch of the dungeon, and saw 1 of its levels.

You collected 55 gold pieces.

Inventory:

Armour
 a - a +0 hat (worn)
Scrolls
 b - 2 scrolls of enchant weapon {unknown}
 d - a scroll of amnesia {unknown}
 e - 3 scrolls of teleportation {unknown}
 f - a scroll of random uselessness {unknown}
Comestibles
 c - a ration


   Skills:
 + Level 0.0 Fighting
 - Level 2.0 Dodging
 - Level 2.6 Stealth
 + Level 0.0 Unarmed Combat
 - Level 3.0 Spellcasting
 - Level 2.0 Conjurations
 - Level 1.1 Hexes
 - Level 1.0 Summonings
 - Level 1.0 Translocations


You couldn't memorise any spells.
You knew the following spells:

 Your Spells              Type           Power        Failure   Level  Hunger
a - Magic Dart            Conj           ##..         6%          1    None
b - Blink                 Tloc           N/A          14%         2    ##.....
c - Call Imp              Summ           #.......     14%         2    ##.....
d - Slow                  Hex            #.......     14%         2    ##.....

Your spell library contained the following spells:

 Spells                   Type           Power        Failure   Level  Hunger
 Conjure Flame            Conj/Fire      #.......     28%         3    ###....
 Mephitic Cloud           Conj/Pois/Air  #.......     32%         3    ###....


Dungeon Overview and Level Annotations

Branches:
Dungeon (1/15)

Altars:


Innate Abilities, Weirdness & Mutations

You cannot wear most types of armour.
You are very stealthy in the water. (Stealth+)
You are amphibious.
You can wear up to eight rings at the same time.
You can use your tentacles to constrict eight enemies at once.
Your skin changes colour to match your surroundings (Stealth+).
Your rubbery body absorbs attacks. (AC +1, EV +1)


Message History

The magic dart hits the ooze.
The ooze is severely wounded.
Casting: Magic Dart (safe; 6% risk of failure)
Confirm with . or Enter, or press ? or * to list all spells.
Aiming: Magic Dart (safe; 6% risk of failure)
Press: ? - help, Shift-Dir - straight line, f/p - ooze
Aim: an ooze (severely wounded)
The magic dart hits the ooze.
The ooze is almost dead.
Casting: Magic Dart (safe; 6% risk of failure)
Confirm with . or Enter, or press ? or * to list all spells.
Aiming: Magic Dart (safe; 6% risk of failure)
Press: ? - help, Shift-Dir - straight line, f/p - ooze
Aim: an ooze (almost dead)
The magic dart hits the ooze.
You kill the ooze!
Training target 1.0 for Hexes reached!
Your Hexes skill increases to level 1!
You need to enable at least one skill for training.
Are you sure you want to abandon this character and quit the game? (Confirm with "yes".)

#.# #...###.##
#............# #.#
#..## ###
#..##.####.##. #.#
#..# ####..##.#
#..... #.# #..#
#.....##.# #..### #.#
#..# #.##.###.###..#
#.#### #..# #.##.#
#....[.# #>...###..#
#.##.# ######.#
####......######.##.#
#.#
#.###.......@.##.#
#.# #.# ..#########.#
#.# #.# ... ..# #.#
#.###..# ### #.###
#......# #....
#.###..# ##### #.#
#..# #.#
#..############ #.#
#..##.'..≈≈≈#<#


There were no monsters in sight!

Vanquished Creatures
  An ooze (D:1)
  3 goblins (D:1)
  4 hobgoblins (D:1)
  2 kobolds (D:1)
  A rat (D:1)
11 creatures vanquished.

Notes
Turn   | Place    | Note
-------+----------+-------------------------------------------
     0 | D:1      | Hugehornet the Octopode Wizard began the quest for the Orb.
     0 | D:1      | Reached XP level 1. HP: 11/11 MP: 4/4
   332 | D:1      | Reached XP level 2. HP: 17/17 MP: 4/6
   359 | D:1      | Learned a level 2 spell: Blink
   362 | D:1      | Learned a level 2 spell: Call Imp
   365 | D:1      | Learned a level 2 spell: Slow
   521 | D:1      | Reached skill level 1 in Hexes
   522 | D:1      | Quit the game

Levels and vault maps discovered:
D:1:      lightli_arrival_flooded_house, layout_loops_ring,
          palyth_stone_intersect

Skill      XL: |  1  2 |
---------------+-------+-----
Conjurations   | 2 |  2.0
Hexes          | 1 |  1.1
Dodging        | |  2.0
Stealth        | |  2.6
Spellcasting   | |  3.0
Summonings     | |  1.0
Translocations | |  1.0

Action                   || total
-------------------------++-------
 Cast: Magic Dart        ||    28
Dodge: Dodged            ||     3
